 Dungeon Crawl Stone Soup version 0.29.0-11-gd7f09526c8 (webtiles) character file.

Game seed: 11618607427754611298

110 styxcanada the Sneak (level 4, -3/23 HPs)
             Began as a Spriggan Brigand on Sept 4, 2022.
             Killed by divine providence
             ... invoked by an orc priest
              (10 damage)
             ... on level 3 of the Dungeon.
             The game lasted 00:09:23 (2784 turns).

styxcanada the Sneak (Spriggan Brigand)             Turns: 2784, Time: 00:09:25

Health: -3/23      AC:  4    Str:  7    XL:     4   Next: 61%
Magic:  5/5        EV: 17    Int: 12    God:
Gold:   149        SH:  0    Dex: 18    Spells: 3/3 levels left

rFire   . . .      SeeInvis +   a - +3 dagger (chaos)
rCold   . . .      Faith    .   (no shield)
rNeg    . . .      Spirit   .   b - +1 robe
rPois   .          Reflect  .   (helmet restricted)
rElec   .          Harm     .   c - +0 cloak
rCorr   .          Rampage  .   (gloves unavailable)
Will    .....                   (boots unavailable)
Stlth   ++++......              (no amulet)
HPRegen 0.07/turn               (no ring)
MPRegen 0.09/turn               (no ring)

@: very quick
A: very small, no large weapons, unfitting armour, see invisible, speed 3
a: no special abilities


You were on level 3 of the Dungeon.
You visited 1 branch of the dungeon, and saw 3 of its levels.

You collected 149 gold pieces.

Inventory:

Hand Weapons
 a - a +3 dagger of chaos (weapon)
Missiles
 d - 15 poisoned darts (quivered)
 e - 6 curare-tipped darts
 h - 45 stones
Armour
 b - a +1 robe (worn)
 c - a +0 cloak (worn)
 q - an orb of guile
Jewellery
 f - a ring of resist corrosion
Wands
 l - a wand of flame (7)
Scrolls
 g - a scroll of identify {unknown}
 j - a scroll of teleportation
 p - 2 scrolls of immolation {unknown}
 s - a scroll of vulnerability {unknown}
 v - a scroll of amnesia {unknown}
 x - 2 scrolls of fear {unknown}
Potions
 i - a potion of might {unknown}
 k - 2 potions of attraction {unknown}
 o - a potion of mutation {unknown}
 r - a potion of degeneration {unknown}
 t - a potion of resistance {unknown}
 u - a potion of ambrosia {unknown}
 w - a potion of flight {unknown}


   Skills:
 * Level 2.2 Fighting
 + Level 2.6 Short Blades
 + Level 2.1 Throwing
 * Level 2.5 Dodging
 * Level 7.8 Stealth


You had 3 spell levels left.
You didn't know any spells.
Your spell library contained the following spells:

 Spells                   Type           Power      Damage    Failure   Level
 Sublimation of Blood     Necr           0%         N/A       45%         2
 Wereblood                Tmut           0%         N/A       45%         2
 Portal Projectile        Hex/Tloc       0%         N/A       69%         3
 Tukima's Dance           Hex            0%         N/A       69%         3
 Petrify                  Tmut/Erth      0%         N/A       97%         4
 Blade Hands              Tmut           0%         N/A       100%        5
 Irradiate                Conj/Tmut      0%         3d11      100%        5
 Summon Hydra             Summ           0%         N/A       100%        7


Dungeon Overview and Level Annotations

Branches:
Dungeon (3/15)

Altars:

Annotations:
D:3 Natasha


Innate Abilities, Weirdness & Mutations

You are very small and have problems with some larger weapons.
You are too small for most types of armour.
You have supernaturally acute eyesight. (SInv)
You cover ground extremely quickly. (Speed+++)


Message History

You kill the bat!
An adder comes into view.
The helpless adder fails to defend itself.
You spit the adder like a pig!!!
The adder seems to slow down.
You freeze the adder.
You kill the adder!
You see here a +0 hand axe.
x - 2 scrolls labelled GIUDEUNOCH (gained 1)
An endoplasm comes into view.
The endoplasm quivers.
You hit the endoplasm. You freeze the endoplasm.
The endoplasm is severely wounded.
The endoplasm closely misses you.
You hit the endoplasm.
You kill the endoplasm!
An orc priest comes into view. It is wielding a +0 whip.
The orc priest shouts!
You hear a shout! x5; You hear an angry hiss.
You hear a shout!
The orc priest invokes the aid of Beogh against you.
Beogh smites you!
Ouch! That really hurt!
You hear an angry hiss.
An orc priest comes into view. It is wielding a +0 short sword.
You hit the orc priest but do no damage.
You drain the orc priest.
The orc priest is moderately wounded.
The orc priest hits you with a +0 whip.
You hit the orc priest. You freeze the orc priest.
The orc priest is heavily wounded.
The orc priest looks braver for a moment.
A frilled lizard comes into view.
The orc priest completely misses you.
A hobgoblin comes into view.
The hobgoblin shouts!
You hit the orc priest.
The orc priest is poisoned.
The orc priest is severely wounded.
Natasha, Servant of Life and Death comes into view.
The orc priest invokes the aid of Beogh against you.
Beogh smites you!
You die...

********
***,,,,,,****
##,,,,,,,,,,,*
#.,,,,,,,***,*
#.#,,,,***,,.#
#..,,***,,...#
#.l###,,,,,..#
#.o@.###,,,..#
#......###,..#
#..###...###.#
#.h,,###.....#
#..,,,,###...#
#..,,,,,,###.#
#..,,,,###...####
#..,,###........#
#..###........###


You could see an orc priest (very poisoned, very drained), Natasha and a frilled
lizard.

Vanquished Creatures
  6 adders
  A worm (D:2)
  A dart slug (D:1)
  8 endoplasms
  A giant cockroach (D:1)
  5 goblins
  3 hobgoblins (D:2)
  2 quokkas
  9 ball pythons
  7 bats
  2 frilled lizards
  5 kobolds
  4 rats
54 creatures vanquished.

Vanquished Creatures (others)
  A fungus (D:1)
1 creature vanquished.

Grand Total: 55 creatures vanquished

Notes
Turn   | Place    | Note
-------+----------+-------------------------------------------
     0 | D:1      | styxcanada the Spriggan Brigand began the quest for the
                  | Orb.
     0 | D:1      | Reached XP level 1. HP: 10/10 MP: 2/2
    46 | D:1      | Found a faded altar of an unknown god.
    49 | D:1      | Reached skill level 6 in Stealth
   151 | D:1      | Reached XP level 2. HP: 15/15 MP: 3/3
  1277 | D:2      | Reached XP level 3. HP: 17/18 MP: 4/4
  1303 | D:2      | Reached skill level 7 in Stealth
  1577 | D:2      | Reached XP level 4. HP: 23/23 MP: 5/5
  2784 | D:3      | Noticed Natasha
  2784 | D:3      | Killed from afar by an orc priest

Illustrated notes

Levels and vault maps discovered:
D:1:      matt_arrival_spirals, layout_basic, shapermc_ecumenical_altar_gd
D:2:      layout_loops_cross, nicolae_hexahallways, minmay_ruptured
D:3:      layout_rooms, minmay_unequal, uniq_natasha

Skill      XL: |  1  2  3  4 |
---------------+-------------+-----
Stealth        | 6 7 |  7.8
Dodging        | 2 |  2.5
Fighting       | 2 |  2.2
Short Blades   | |  2.6
Throwing       | |  2.1

Action                   |  1- 3 |  4- 6 || total
-------------------------+-------+-------++-------
Melee: Dagger            |    76 |    52 ||   128
Throw: Dart              |     4 |     8 ||    12
  Use: Scroll            |       |     5 ||     5
 Stab: Sleeping          |    18 |     3 ||    21
       Distracted        |       |     1 ||     1
Armor: Robe              |     8 |    11 ||    19
Dodge: Dodged            |    41 |    37 ||    78
